[Event "*** SCC Grand Prix: Titled Tuesday Blitz"]
[Site "Chess.com"]
[Date "2020.06.02"]
[Round "5"]
[White "JiaHaoxiang"]
[Black "tigra"]
[Result "0-1"]
[WhiteElo "2560"]
[BlackElo "2728"]
[TimeControl "180+1"]
[EndTime "11:00:21 PDT"]
[Termination "tigra won by resignation"]

1. Nf3 Nf6 2. c4 c5 3. g3 d5 4.
cxd5 Nxd5 5. Bg2 Nc7 6. O-O Nc6 7. d3 e5 8. Nc3 Be7 9. a3 Rb8 10. b4 cxb4 11. axb4 Bxb4 12. Bb2 O-O 13. Ne4 Re8 14.
Qa4 a5 15. Rfc1 Bg4 16. Qc2 Ne6 17. e3 Rc8 18. Qb3 Bxf3 19. Bxf3 Qd7 20. Be2 h6 21. h4 f5 22. Nc5 Bxc5 23. Rxc5 Kh7 24. Rb5 Rc7 25. Bxe5 Nxe5 26. Rxe5 Nc5 27. Qd5 Rxe5 28.
Qxe5 Nb3 29. Rb1 Rc1+ 30. Rxc1 Nxc1 31. Bf3 a4 32. g4 Nxd3 33. Qa5 b5 34. Be2 Ne5 35.
Bxb5 Qd5 36. Qxa4 Nf3+ 37. Kf1 Nh2+ 38. Kg1 Nf3+ 39. Kf1 fxg4 40. Qc2+ g6 41. Qc7+ Kg8 42. Bc4 Nd2+ 43. Kg1 Nxc4 44. Qb8+ Kf7 45. Qc7+ Ke6 46. Qc8+ Kd6 47. Qxg4 Ne5 48. Qb4+ Ke6 49. Qb6+ Qc6 50. Qb3+ Kf6 51. Qa3 Qe6 52. Qf8+ Nf7 53. Kf1 Qh3+ 54. Ke1 Qxh4 55. Qe8 Qh1+ 56. Ke2 Qd5 57. Qb8 Qe6 58. Qf4+ Kg7 59. Qd4+ Qf6 60. Qc4 h5 61. Qc5 Qe5 62. Qc6 Qf6 63. Qc5 h4 64. Kf1 g5 65. Qc4 Qe5 66. Qg4 Qf6 67. Qc4 Ne5 68. Qc7+ Kh6 69. Qc8 Ng6 70. Qc5 Qf3 71. Qd6 h3 72. Qh2 Kh5 73.
Ke1 Qg2 74. Qb8 h2 75. Qc7 h1=Q+ 76. Kd2 Qxf2+ 0-1

[Event "*** SCC Grand Prix: Titled Tuesday Blitz"]
[Site "Chess.com"]
[Date "2020.06.02"]
[Round "5"]
[White "vovachesss"]
[Black "Illingworth"]
[Result "0-1"]
[WhiteElo "2643"]
[BlackElo "2898"]
[TimeControl "180+1"]
[EndTime "11:00:22 PDT"]
[Termination "Illingworth won on time"]

1. e4 d5 2. exd5 Qxd5 3. Nc3 Qa5 4. b4 Qxb4 5. Nf3 Nf6 6. a4 Qd6 7. Ba3 Qd8 8. Bc4 e6 9. Bxf8 Kxf8 10. O-O Nc6 11. d4 Na5 12. Ba2 b6 13. Ne5 Bb7 14. f4 g6 15. Qd2 c5 16. f5 Qxd4+ 17. Qxd4 cxd4 18. fxe6 Kg7 19. Nb5 fxe6 20. Nxd4 Rae8 21. Rae1 Bd5 22. c4 Bb7 23. Re2 Re7 24. c5 Bd5 25. cxb6 axb6 26. Rb1 Bxa2 27. Rxa2 Nd5 28. Rf2 Rf8 29.
Rxf8 Kxf8 30. Rc1 Kg7 31. Rc8 Kf6 32. Ng4+ Kg7 33. Ne5 h5 34. h4 Nb7 35. Rc6 Nc5 36. a5 Na4 37. a6 Ra7 38. Rxe6 Nf4 39.
Rd6 Rxa6 40. g3 Nh3+ 41. Kh2 Ra5 42. Rxg6+ Kh7 43. Ndc6 Rc5 44. Kxh3 Nc3 45. Rg5 Ne4 46. Rxh5+ Kg7 47. Rf5 Nd6 48. Rf4 b5 49. Rg4+ Kh7 50.
Rf4 Nc4 51. Nxc4 bxc4 52. Nd4 c3 53. Nc2 Kg7 54. Re4 Rc8 55. Re3 Kf6 56. Kg4 Rc4+ 57. Kf3 Kf5 58. Ke2 Rc7 59. Kd3 Kg4 60. Nd4 Rd7 61.
Kxc3 Rc7+ 62. Kd3 Rd7 63. Kc4 Rd8 64. Kc3 Rd7 65. Ne6 Re7 66. Kd4 Kf5 67. Kd5 Rd7+ 68. Kc6 Rd1 69. Ng7+ Kg4 70. h5 Kg5 71. Re5+ Kf6 72.
h6 Kxe5 73. g4 Kf6 74. Nh5+ Kg6 75. Nf4+ Kxh6 76. Ng2 Kg5 77. Kc5 Rd3 78. Ne1 Re3 79. Nc2 Rc3+ 0-1

[Event "*** SCC Grand Prix: Titled Tuesday Blitz"]
[Site "Chess.com"]
[Date "2020.06.02"]
[Round "5"]
[White "Vesper2018"]
[Black "umngqusho"]
[Result "1-0"]
[WhiteElo "2360"]
[BlackElo "2489"]
[TimeControl "180+1"]
[EndTime "11:00:24 PDT"]
[Termination "Vesper2018 won by checkmate"]

1. e4 c5 2. Nc3 Nc6 3. Nge2 Nf6 4. d4 cxd4 5. Nxd4 e5 6. Ndb5 d6 7. Nd5 Nxd5 8. exd5 Nb8 9. Be2 Be7 10. O-O O-O 11. a4 Nd7 12. Be3 a6 13. Na3 f5 14. f3 b6 15. Nc4 Bb7 16. a5 b5 17. Nb6 Nxb6 18.
Bxb6 Qd7 19. c4 bxc4 20. Bxc4 Bd8 21. Bf2 e4 22. fxe4 fxe4 23. Qe2 Re8 24. Bd4 Bg5 25. Ra3 Re7 26. Rg3 Bh6 27. Qh5 Rc8 28. b3 Bd2 29. Rh3 h6 30. Rg3 e3 31. Be2 Rf8 32. Rxf8+ Kxf8 33. Qg6 Rf7 34. Qh7 Bxd5 35. Qh8+ Ke7 36.
Bxg7 Qf5 37. h3 Qf2+ 38. Kh2 Qxe2 39. Qc8 Be6 40. Qc7+ Bd7 41. Bxh6 Qh5 42. Bg5+ Ke6 43. Bxe3 Qe5 44. Bxd2 Rg7 45. Qc4+ d5 46. Qf4 Qxf4 47. Bxf4 Rxg3 48. Kxg3 Kf5 49. Kf3 d4 50. g4+ Ke6 51. Ke4 d3 52. Kxd3 Bb5+ 53. Kd4 Bf1 54. h4 Bh3 55. g5 Kf5 56. Bd2 Bg2 57. h5 Bf3 58. h6 Kg6 59. Ke5 Be2 60. b4 Bd3 61. Ke6 Bc2 62. Kd6 Bd3 63. Ke5 Bb5 64. Ke6 Bd3 65. Ke7 Be2 66. Kf8 Kh7 67. Kf7 Bc4+ 68. Kf6 Bd3 69. b5 Bxb5 70. g6+ Kh8 71. Bc3 Bc4 72. Ke7+ Kg8 73. h7# 1-0

[Event "*** SCC Grand Prix: Titled Tuesday Blitz"]
[Site "Chess.com"]
[Date "2020.06.02"]
[Round "5"]
[White "anon569"]
[Black "Ranindu2003"]
[Result "0-1"]
[WhiteElo "2272"]
[BlackElo "2469"]
[TimeControl "180+1"]
[EndTime "11:00:26 PDT"]
[Termination "Ranindu2003 won on time"]

1. e4 g6 2. d4 Bg7 3. Nc3 d6 4. Nf3 a6 5. a4 b6 6. Bf4 Bb7 7. Qd2 h6 8. h3 Nd7 9. Bc4 e6 10. O-O Ne7 11. Rad1 g5 12. Bh2 Ng6 13. Qe3 Qe7 14. Bb3 O-O 15. Rfe1 Rad8 16. Nd2 e5 17. d5 Kh7 18. Nf1 Nc5 19. Bc4 Nh4 20.
Ng3 Bc8 21. b4 Nxa4 22. Nxa4 b5 23. Bb3 bxa4 24. Bxa4 f5 25. exf5 Bxf5 26. c4 Kh8 27.
Nxf5 Nxf5 28. Qe4 Rf6 29. Bc2 Bf8 30. c5 Qg7 31. Ra1 Nd4 32. Bd3 Qf7 33. Rxa6 Rb8 34. Rea1 Rxb4 35. Kh1 Rxf2 36. Ra8 Qg7 37. cxd6 cxd6 38. Rd8 Nc6 39. dxc6 Rxe4 40. Bxe4 Qe7 41. Bg1 Qxd8 42. Bxf2 d5 43. Bxd5 Qxd5 44. c7 Qc6 45.
Bb6 Bd6 46. Ra7 Bxc7 47. Bxc7 Qc1+ 48. Kh2 Qf4+ 49. Kh1 Qe3 50. Ra8+ Kg7 51. Re8 Qe1+ 52. Kh2 e4 53. Re5 Kf7 54. Bd6 Kf6 55. Bc5 Qc3 56. Rd5 Qc4 0-1

[Event "*** SCC Grand Prix: Titled Tuesday Blitz"]
[Site "Chess.com"]
[Date "2020.06.02"]
[Round "5"]
[White "UCantHandleDenker"]
[Black "BogdanBelyakov89"]
[Result "1-0"]
[WhiteElo "2488"]
[BlackElo "2643"]
[TimeControl "180+1"]
[EndTime "11:00:27 PDT"]
[Termination "UCantHandleDenker won by checkmate"]

1. Nf3 Nf6 2. g3 g6 3. Bg2 Bg7 4. O-O O-O 5. d3 d6 6. Nbd2 Nbd7 7. e4 e5 8. a4 a5 9. Nc4 Nc5 10. Bd2 Bd7 11. b3 b6 12. Nh4 Nh5 13. Nf5 gxf5 14. Qxh5 fxe4 15. dxe4 Ne6 16. Ne3 Qg5 17. Qxg5 Nxg5 18.
Nf5 Ne6 19. Nxg7 Kxg7 20. f4 f6 21. Be3 Nc5 22. Rae1 Bc6 23. Bc1 Rae8 24. f5 Rd8 25. g4 d5 26. exd5 Bxd5 27. g5 Bxg2 28. Kxg2 Kf7 29. h4 Rd4 30. Kh3 Nd7 31. Rg1 Rg8 32.
Ref1 Re4 33. Rf2 Nb8 34. Rg4 Re1 35. Bd2 Rh1+ 36. Kg2 Rd1 37. Kf3 Nc6 38. Be3 Re1 39. Rfg2 e4+ 40. Rxe4 Ne5+ 41. Rxe5 fxe5 42. h5 e4+ 43.
Kf4 Rf1+ 44. Rf2 Rxf2+ 45. Bxf2 Re8 46. g6+ Kg7 47. Bd4+ Kh6 48. g7 e3 49. f6 e2 50.
Bc3 e1=Q 51. Bxe1 Rxe1 52. g8=Q Rf1+ 53. Ke3 Rxf6 54. Kd3 Kxh5 55. Qg7 Rd6+ 56. Ke2 h6 57. Qxc7 Re6+ 58. Kd2 Rg6 59. Kc1 Kg5 60. Kb2 h5 61. Qg3+ Kh6 62. Qf4+ Kh7 63. Qh4 Kh6 64. c3 Rg4 65.
Qf6+ Rg6 66. Qf4+ Kg7 67. b4 axb4 68. cxb4 Rg2+ 69. Kb3 Rg4 70. Qe5+ Kg6 71. Qe6+ Kg5 72. Qxb6 h4 73. Qd8+ Kh5 74. Qh8+ Kg5 75. a5 Rg3+ 76. Ka4 h3 77. a6 Kg4 78. a7 Rg1 79. a8=Q Ra1+ 80.
Qxa1 h2 81. Q1h1 Kf4 82. Qae4+ Kg5 83. Qhg2+ Kf6 84. Qgg6# 1-0

[Event "*** SCC Grand Prix: Titled Tuesday Blitz"]
[Site "Chess.com"]
[Date "2020.06.02"]
[Round "5"]
[White "avantage_ru"]
[Black "gross-aleks"]
[Result "1/2-1/2"]
[WhiteElo "2715"]
[BlackElo "2558"]
[TimeControl "180+1"]
[EndTime "11:00:28 PDT"]
[Termination "Game drawn - insufficient material"]

1. Nc3 Nf6 2. Nf3 d5 3. g3 c5 4.
Bg2 d4 5. Nb5 Nc6 6. O-O e5 7. d3 Be7 8. c3 dxc3 9. bxc3 a6 10. Na3 e4 11. Ng5 exd3 12. exd3 O-O 13. Nc4 Bg4 14.
Qc2 Rc8 15. a4 Bf5 16. Ne4 b5 17. axb5 axb5 18. Ne3 Be6 19. Ra6 Nxe4 20. dxe4 b4 21. Rd1 Qc7 22. Nd5 Qb7 23. Rb6 Qa7 24. Rb5 Rb8 25.
Rxb8 Rxb8 26. cxb4 Nxb4 27. Qc3 Bf8 28. Be3 Qa5 29. h4 Bg4 30. Ra1 Qb5 31. Ra7 Nc6 32. Rc7 Bd6 33. Bh6 Bf8 34. e5 Qb1+ 35. Kh2 Nd4 36. Qc1 Qxc1 37. Bxc1 Nf3+ 38. Bxf3 Bxf3 39.
Nc3 Rb3 40. Bd2 Rb2 41. Be3 Rc2 42. Nb5 Re2 43. Nd6 Re1 44. g4 Rg1 45. Bxc5 Rg2+ 46.
Kh3 h5 47. gxh5 Rg1 48. Nxf7 Bxh5 49. Ng5 Bg4+ 50. Kh2 Rc1 51. e6 Rxc5 52. e7 Bxe7 53. Rxe7 Rc8 54. Kg3 Bh5 55. f3 Rc6 56. Ra7 Rc8 57. Nh3 Bf7 58. Nf4 Rc5 59. Nh3 Rc4 60. Ng5 Be8 61. Ra8 Kf8 62. h5 Rc6 63. f4 Ke7 64. Kh4 Bd7 65. Ra7 Rc4 66. Nh3 Rc3 67. Nf2 Rc4 68. Kg5 Rc5+ 69. Kh4 Rf5 70. Kg3 Rxh5 71.
Ng4 Rd5 72. Ne5 Ke6 73. Kh4 Rd4 74. Kg5 Rd5 75. Rxd7 Rxd7 76. Nxd7 Kxd7 77. Kg6 Ke6 78. Kxg7 Kf5 79. Kf7 Kxf4 1/2-1/2

[Event "*** SCC Grand Prix: Titled Tuesday Blitz"]
[Site "Chess.com"]
[Date "2020.06.02"]
[Round "5"]
[White "SergeyKarjakin"]
[Black "Gloomy_Wanderer"]
[Result "1-0"]
[WhiteElo "2947"]
[BlackElo "2776"]
[TimeControl "180+1"]
[EndTime "11:00:29 PDT"]
[Termination "SergeyKarjakin won by resignation"]

1. e4 c5 2. Nf3 a6 3. c4 Nc6 4. d4 cxd4 5. Nxd4 e5 6. Nf5 d6 7. Nc3 g6 8. Ne3 Bh6 9. Bd3 Be6 10. O-O Nf6 11. Re1 O-O 12. b3 Rc8 13. Bb2 Qa5 14. Nc2 Rfd8 15. Nd5 Bxd5 16. exd5 Nb8 17. a4 Nbd7 18.
Bf1 Qb6 19. a5 Qxb3 20. Qb1 Rxc4 21. Bxc4 Qxc4 22. Bc1 Bxc1 23. Rxc1 Nc5 24. Ne3 Qb3 25. g3 Kf8 26. Rc2 Qxb1+ 27. Rxb1 Nfd7 28. f4 e4 29. Kf1 Ke7 30. Ke2 h5 31. Rcb2 f5 32. Nc2 Nf6 33. Ne3 Rd7 34. Kd2 Rc7 35. Rc2 Kd7 36. Rb6 Ke7 37.
Rc4 Rd7 38. h3 Rd8 39. Kc3 Rc8 40.
Kd4 Rc7 41. Rb1 Rd7 42. g4 hxg4 43. hxg4 fxg4 44. Rg1 Rc7 45. Nxg4 Nb3+ 46. Kc3 Rxc4+ 47. Kxc4 Nxa5+ 48. Kb4 b6 49. Ne3 Kf7 50. Rc1 Ke7 51.
Rc7+ Nd7 52. Ra7 Kd8 53. Rxa6 Nb7 54. Kb5 Nbc5 55. Ra8+ Kc7 56. Ra7+ Kb8 57. Ra1 Kc7 58. Rh1 Nd3 59. Rh4 Nf6 60. Kc4 Kd7 61. Kd4 b5 62. Rh8 Nc5 63. Rf8 Ke7 64. Ra8 Nb3+ 65.
Kc3 Nc5 66. Ra7+ Nfd7 67. Kb4 Kf6 68. Kxb5 g5 69. fxg5+ Kxg5 70. Kc6 Kf4 71. Nc4 Nd3 72.
Rxd7 e3 73. Rf7+ Ke4 74. Re7+ Ne5+ 75. Rxe5+ dxe5 76. Nxe3 Kxe3 77. d6 e4 78. d7 Kf2 79.
d8=Q e3 80. Qf6+ 1-0

[Event "*** SCC Grand Prix: Titled Tuesday Blitz"]
[Site "Chess.com"]
[Date "2020.06.02"]
[Round "5"]
[White "AlanZhang"]
[Black "canary2016"]
[Result "1-0"]
[WhiteElo "2219"]
[BlackElo "1959"]
[TimeControl "180+1"]
[EndTime "11:00:29 PDT"]
[Termination "AlanZhang won on time"]

1. e4 c6 2. d4 d5 3. Nc3 dxe4 4. Nxe4 Nf6 5. Nxf6+ exf6 6. g3 Bd6 7. Bg2 O-O 8. Ne2 Re8 9. O-O Bg4 10. Re1 Nd7 11.
Qd3 Qc7 12. Be3 Rad8 13. h3 Bh5 14. Nf4 Bg6 15. Nxg6 hxg6 16. c3 c5 17. Rad1 cxd4 18.
Bxd4 Nc5 19. Qb5 Rxe1+ 20. Rxe1 a6 21. Qc4 b5 22. Qe2 Ne6 23. Be3 Bc5 24. b4 Bb6 25.
Bxb6 Qxb6 26. Rd1 Rd6 27. Rd3 Qc7 28. Qd2 Rxd3 29. Qxd3 Qb6 30. Bd5 Nc7 31. Be4 Ne6 32.
Kg2 Ng5 33. Bd5 Qc7 34. h4 Nh7 35. Bf3 Nf8 36. Qe3 Ne6 37. Bd1 Qc6+ 38. Bf3 Qc7 39. Bd5 Nf8 40. f4 Qb8 41. Qc5 Qd8 42. Qc6 Qe7 43. Be4 Qe6 44. Qxe6 Nxe6 45. Bb7 Nc7 46. Kf3 Kf8 47. Ke4 Ke7 48. Kd4 Kd6 49. g4 Ne6+ 50. Ke4 Nc7 51. f5 Kd7 52. h5 gxh5 53. gxh5 Kd6 54.
Kd4 Kd7 55. Kc5 Kd8 56. Kb6 Kd7 57. Bc6+ Kd6 58. Bb7 Ne8 59. Bxa6 Nc7 60. Bc8 Nd5+ 61. Kxb5 Nxc3+ 62. Kc4 Nxa2 63. b5 Nc1 64. b6 Kc6 65. b7 Kc7 66. Kb5 Nd3 67. Ka6 Nc5+ 68. Ka7 Nxb7 69. Bxb7 Kd6 70. Be4 Ke5 71. Bc2 Kf4 72. Bb3 Kg5 73. Bxf7 Kxf5 74. Kb6 Kg5 75. Kc5 f5 76. Kd4 Kf6 77. Bg6 Kg5 78. Ke5 f4 79. Ke4 Kg4 80. Kd3 Kg3 81. Ke2 f3+ 82. Kf1 f2 83.
Bf7 Kf3 84. Bd5+ Ke3 85. Bf7 Kf3 86. Be6 1-0

[Event "*** SCC Grand Prix: Titled Tuesday Blitz"]
[Site "Chess.com"]
[Date "2020.06.02"]
[Round "5"]
[White "MomchilPetkov"]
[Black "Trickov"]
[Result "1-0"]
[WhiteElo "2522"]
[BlackElo "2330"]
[TimeControl "180+1"]
[EndTime "11:00:32 PDT"]
[Termination "MomchilPetkov won on time"]

1. e4 c5 2. Nf3 d6 3. d4 Nf6 4. Nc3 cxd4 5. Nxd4 a6 6. Bg5 e6 7. f4 Qb6 8. Qd2 Qxb2 9. Rb1 Qa3 10. f5 Nc6 11.
fxe6 fxe6 12. Nxc6 bxc6 13. Bd3 Be7 14. e5 dxe5 15.
O-O O-O 16. Qe1 Qc5+ 17. Kh1 e4 18. Nxe4 Nxe4 19. Qxe4 g6 20. Bxe7 Rxf1+ 21. Bxf1 Qxe7 22. Qxc6 Qa7 23. Bc4 Bd7 24. Bxe6+ Bxe6 25. Qxe6+ Qf7 26. Qxf7+ Kxf7 27. Kg1 Rd8 28. Rb7+ Kf6 29. Rxh7 Rd1+ 30. Kf2 Rd2+ 31. Kg3 Rxc2 32. a4 Rc3+ 33. Kf2 Rc4 34. a5 Ra4 35. Rc7 Rxa5 36. Rc6+ Kf5 37. h3 Ra2+ 38.
Kg3 Ra3+ 39. Kh4 g5+ 40. Kh5 Rg3 41. Rxa6 Rxg2 42. Ra5+ Kf4 43. Ra4+ Kf5 44. Rg4 Rh2 45. Rxg5+ Kf6 46. Rg3 Kf7 47. Kh6 Kf8 48. Kh7 Kf7 49.
Rf3+ Ke6 50. Kg6 Rg2+ 51. Kh5 Ke5 52. h4 Ke4 53. Rf8 Ke5 54. Kh6 Ke6 55. h5 Ke7 56. Rf1 Rg3 57. Rf5 Ke6 58. Rf2 Ke7 59. Kh7 Rg1 60.
Rf5 Ke6 61. Rf4 Ke7 62. h6 Rg5 63. Rb4 Kf7 64. Rb8 Rg1 65. Rb2 Kf8 66. Rf2+ Ke7 67. Rf5 Ke6 68. Rf8 Ke7 69. Rg8 Rh1 70. Kg7 Rg1+ 71.
Kh8 Rh1 72. h7 Kf7 73. Rg2 Rh3 74. Rf2+ Ke7 75. Kg8 Rg3+ 76. Kh8 Rh3 77. Rf4 Rh1 78. Kg7 Rg1+ 79. Kh6 Rh1+ 80. Kg6 Rg1+ 81. Kh5 Rh1+ 82.
Rh4 1-0

[Event "*** SCC Grand Prix: Titled Tuesday Blitz"]
[Site "Chess.com"]
[Date "2020.06.02"]
[Round "5"]
[White "Grischuk"]
[Black "A-Adly"]
[Result "1-0"]
[WhiteElo "3114"]
[BlackElo "2837"]
[TimeControl "180+1"]
[EndTime "11:00:33 PDT"]
[Termination "Grischuk won by resignation"]

1. Nf3 Nf6 2. c4 e6 3. g3 d5 4. Bg2 Be7 5. O-O O-O 6. d4 dxc4 7. Qc2 a6 8. a4 Bd7 9. Qxc4 Bc6 10. Bg5 Nbd7 11. Nc3 h6 12. Bxf6 Nxf6 13. Rfd1 a5 14. Qb3 Bb4 15. Ne5 Bxg2 16. Kxg2 c6 17. Na2 Qd5+ 18.
Qxd5 Nxd5 19. e4 Nc7 20. Nxb4 axb4 21. Nd3 Na6 22. Kf3 Rfd8 23. Ke3 Rd7 24. Rac1 Rad8 25. Nc5 Nxc5 26. Rxc5 b3 27. Rd3 f6 28. Rcc3 Ra8 29.
Rc4 b5 30. axb5 cxb5 31. Rb4 Ra1 32. f3 Re1+ 33. Kf2 Rc1 34. Rc3 Rc2+ 35. Ke3 Rxb2 36. Rcxb3 Rxh2 37. Rxb5 Rc2 38. Rb7 Rcc7 39. Rxc7 Rxc7 40.
d5 Kf7 41. f4 exd5 42. exd5 Rc4 43. Rb7+ Kg6 44. d6 Rc6 45. Rd7 Kf5 46. Kd4 Ke6 47. Rxg7 Rxd6+ 48. Ke3 h5 49. Rh7 Kf5 50. Rxh5+ Kg4 51. Rh8 Re6+ 52. Kf2 Ra6 53. Rg8+ Kf5 54. Kg2 Ra2+ 55. Kh3 Ra3 56. Rb8 Ra5 57. Kh4 Rc5 58.
Rb4 Ra5 59. g4+ Kg6 60. f5+ Kh6 61. Rb6 Kg7 62. Rb7+ Kh6 63. Rb6 Kg7 64. Kh5 Ra7 65.
Rd6 Rb7 66. Re6 Rc7 67. Kh4 Rb7 68. Rd6 Ra7 69. Kg3 Rb7 70. Kf4 Ra7 71. Ke4 Rb7 72.
Kd5 Rb4 73. Rd7+ Kh6 74. Ke6 Rb6+ 75. Rd6 Rb4 76. Kxf6 Rxg4 77. Ke7+ Kh7 78. f6 Ra4 79. f7 Re4+ 80. Re6 Ra4 1-0

[Event "*** SCC Grand Prix: Titled Tuesday Blitz"]
[Site "Chess.com"]
[Date "2020.06.02"]
[Round "5"]
[White "ZAbdumalik"]
[Black "PSvidler"]
[Result "1/2-1/2"]
[WhiteElo "2664"]
[BlackElo "2978"]
[TimeControl "180+1"]
[EndTime "11:00:37 PDT"]
[Termination "Game drawn by repetition"]

1. e4 c5 2. Nf3 e6 3. d4 cxd4 4. Nxd4 a6 5. Nc3 b5 6. a3 Bb7 7. Bd3 Nf6 8. O-O d6 9. Qe2 Be7 10. f4 Nbd7 11. Kh1 Qc7 12. Bd2 O-O 13. Rae1 Rad8 14. Nf3 Nc5 15. b4 Nxd3 16. cxd3 Nd7 17. Rc1 Qb8 18. Be3 Rfe8 19. Nd4 Bf8 20. f5 e5 21. Nb3 h6 22. Bf2 Rc8 23. Rc2 d5 24. Nxd5 Bxd5 25. exd5 Qd6 26. Nc5 Qxd5 27. Nxa6 Bd6 28.
Rfc1 Rxc2 29. Qxc2 e4 30. dxe4 Rxe4 31. Qc6 Qxf5 32.
Bg1 Bf4 33. Rf1 Nf6 34. Nc5 Re2 35. Qf3 Qc2 36. Qxf4 Rxg2 37. Qf5 Qe2 38. Qf3 Qxf3 39. Rxf3 Ra2 40. Bd4 Nd5 41. Rg3 g5 42. Kg1 Nf4 43.
Kf1 Rxh2 44. Bf2 Rh1+ 45. Rg1 Rh3 46. Rg3 Rh1+ 47. Rg1 Rh3 48. a4 bxa4 49. Nxa4 Rb3 50. Bc5 Rb1+ 51. Kf2 Nh3+ 52. Kg2 Nxg1 53. Bxg1 Rxb4 54.
Nc5 Kg7 55. Nd3 Rb5 56. Kf3 f5 57. Bd4+ Kf7 58. Ke3 Ke6 59. Bg7 h5 60. Bh6 f4+ 61.
Ke4 Kf6 62. Bf8 Kf7 63. Bd6 Ke6 64. Bc5 Ra5 65. Bb4 Ra1 66. Bc3 Ra4+ 67. Bd4 Kf7 68. Ne5+ Ke6 69. Nd3 Rc4 70. Nc5+ Kd6 71. Nd3 h4 72.
Ne5 Rxd4+ 73. Kxd4 h3 74. Ng4 Ke6 75. Ke4 Kf7 76.
Kf3 Kg6 77. Nh2 Kf5 78. Ng4 Kg6 79. Nh2 Kh5 80. Ng4 Kh4 81. Nh2 Kh5 82. Ng4 Kh4 83. Nh2 Kh5 1/2-1/2

[Event "*** SCC Grand Prix: Titled Tuesday Blitz"]
[Site "Chess.com"]
[Date "2020.06.02"]
[Round "5"]
[White "ChessQueen"]
[Black "Shota_Azaladze"]
[Result "1-0"]
[WhiteElo "2657"]
[BlackElo "2836"]
[TimeControl "180+1"]
[EndTime "11:00:38 PDT"]
[Termination "ChessQueen won by resignation"]

1. e4 g6 2. d4 Bg7 3. Nc3 c6 4. Bc4 d5 5. exd5 b5 6. Bb3 b4 7. Nce2 cxd5 8. Nf3 Nf6 9. Ba4+ Bd7 10. Bxd7+ Nbxd7 11. O-O O-O 12. a3 bxa3 13. Rxa3 a5 14. Bf4 a4 15.
Nc3 Nb6 16. Ne5 e6 17. h3 Nfd7 18. Nc6 Qf6 19. Bd6 Rfe8 20. Nb5 Nc4 21. Rf3 Qh4 22. Bg3 Qh5 23. Nc7 Nxb2 24. Qa1 Nc4 25. Nxe8 Rxe8 26.
Qxa4 Nd2 27. Ne5 Nxf3+ 28. Nxf3 Nf6 29. Rb1 Qf5 30. Rb7 Rc8 31. Ne5 Qxc2 32. Qxc2 Rxc2 33. Nxf7 Ne4 34. Ne5 Bxe5 35. Bxe5 Rxf2 36. Rg7+ Kf8 37. Rxh7 Rf7 38. Rh6 g5 39. Rxe6 Rd7 40. Kh2 Kf7 41.
Rh6 Re7 42. Rh7+ Ke6 43. Rxe7+ Kxe7 44. g3 Ke6 45. Kg2 g4 46. hxg4 Kf7 47. Kf3 Kg6 48.
Kf4 Ng5 49. Bb8 Nf7 50. Bc7 Kf6 51. Bb8 Kg6 52. Be5 Ng5 53. Ke3 Ne6 54. Bf4 Kf6 55. Kd3 Kg6 56. Kc3 Kf6 57. Be3 Ke7 58. Kb4 Kd6 59. Kb5 Nf8 60. Bf4+ Ke6 61. Kc6 Nh7 62.
g5 Nf8 63. g4 Ng6 64. Bg3 Ne7+ 65. Kc5 Ng6 66. Bd6 Nh4 67. Be5 Ng6 68. Bg3 Ne7 69. Kb6 Kd7 70. Kb5 Ng6 71. Kb4 Ne7 72.
Kc5 Ke6 73. Be5 Ng6 74. Bf6 Nf4 75. Kc6 Ng6 76. Kc7 Nh4 77. Kd8 Nf3 78. Ke8 Nh2 79.
Kf8 Nxg4 80. Bd8 Kf5 81. Kf7 Ke4 82. Bb6 Kf5 83. g6 Nh6+ 84. Kg7 Ng4 85. Bd8 Ke4 86. Kh7 Kxd4 87. g7 Ke4 88. g8=Q Ne5 89. Qe6 d4 90. Bf6 1-0

[Event "*** SCC Grand Prix: Titled Tuesday Blitz"]
[Site "Chess.com"]
[Date "2020.06.02"]
[Round "5"]
[White "Alex_Molchanov"]
[Black "VALPARAISO37"]
[Result "1-0"]
[WhiteElo "2508"]
[BlackElo "2354"]
[TimeControl "180+1"]
[EndTime "11:00:40 PDT"]
[Termination "Alex_Molchanov won on time"]

1. d4 Nf6 2. Nf3 d5 3. g3 b5 4. Bg2 e6 5. a4 b4 6. O-O a5 7. c4 Bb7 8. c5 Nc6 9. Bf4 Nh5 10. e3 Be7 11. Ne5 Nxf4 12. Nxc6 Bxc6 13. gxf4 f5 14. Nd2 O-O 15. Nf3 Bf6 16. Re1 Qe8 17. Kh1 Kh8 18. b3 Bb7 19. Rg1 Ba6 20. Bf1 Bxf1 21.
Qxf1 Qh5 22. Qg2 Rg8 23. Qg3 h6 24. Ne5 Bxe5 25. fxe5 g5 26. f3 c6 27. Ra2 g4 28. Rag2 Ra7 29. Qf4 Rag7 30. fxg4 Rxg4 31. Rxg4 Rxg4 32. Rxg4 fxg4 33. Qf6+ Kh7 34. Qe7+ Kg8 35. Qxe6+ Kh7 36. Qe7+ Kg8 37. Qd8+ Kh7 38. Qf6 g3 39. Qe7+ Kh8 40. Qf6+ Kh7 41. h4 Qd1+ 42. Kg2 Qe2+ 43. Kxg3 Qxe3+ 44. Kg4 Qe4+ 45. Qf4 h5+ 46. Kg3 Qd3+ 47. Kf2 Qc2+ 48. Kf3 Qd1+ 49. Kg2 Qe2+ 50. Qf2 Qg4+ 51. Kh2 Qe4 52. Qf7+ Kh6 53. Qf8+ Kh7 54. Qe7+ Kh6 55. Qg5+ Kh7 56. Qxh5+ Kg7 57. Qg5+ Kf7 58. Qf6+ Ke8 59. Qxc6+ Ke7 60.
Qf6+ Ke8 61. Qf2 Ke7 62. c6 Kd8 63. h5 Kc7 64. h6 Kxc6 65. Qf6+ Kb7 66. Qg7+ Kc6 67.
h7 Qe2+ 68. Kh3 Qd3+ 69. Kh4 Qxd4+ 70. Kh5 Qd1+ 71. Kg6 Qg4+ 72. Kf7 Qd7+ 73. Kf6 Qd8+ 74. Qe7 Qh8+ 75. Kg6 d4 76. Qf6+ Qxf6+ 77. exf6 d3 78. h8=Q d2 79. Qd8 d1=N 80. Qxd1 Kc5 81. f7 Kb6 82.
Qc2 Ka7 83. Qc7+ Ka6 84. Qc6+ Ka7 85. Qb5 1-0

[Event "*** SCC Grand Prix: Titled Tuesday Blitz"]
[Site "Chess.com"]
[Date "2020.06.02"]
[Round "5"]
[White "vaishali2001"]
[Black "14Sokol88"]
[Result "1-0"]
[WhiteElo "2602"]
[BlackElo "2415"]
[TimeControl "180+1"]
[EndTime "11:00:45 PDT"]
[Termination "vaishali2001 won on time"]

1. d4 Nf6 2. Nf3 d6 3. Bg5 Ne4 4.
Bh4 c5 5. Nbd2 Nxd2 6. Qxd2 cxd4 7. Nxd4 Nc6 8. O-O-O g6 9. Nxc6 bxc6 10. Qc3 Bh6+ 11.
e3 O-O 12. Qxc6 Rb8 13. Bc4 Bb7 14. Qa4 Bxg2 15. Rhg1 Bf3 16. Rd2 a5 17. a3 Qb6 18.
Bb3 Bc6 19. Qd4 a4 20. Qxb6 Rxb6 21. Ba2 Rfb8 22. b4 axb3 23. Bxb3 Kf8 24. Rg4 Bg7 25. Rc4 h6 26. Bg3 Bf6 27. h4 h5 28. a4 Bd7 29.
Re4 Ra6 30. Kd1 Rba8 31. Ke2 Bxa4 32. Bxa4 Rxa4 33. Kf3 Rxe4 34. Kxe4 Ra4+ 35. Kf3 Kg7 36. Rd3 Rc4 37. Rd2 Bc3 38. Re2 Bb4 39. Kg2 Kf6 40. f3 Ke6 41. Kf2 Bc5 42. Kg2 d5 43. e4 dxe4 44.
fxe4 Bd4 45. Kf3 f6 46. Be1 Be5 47. Rg2 Ra4 48. Rxg6 Ra3+ 49. Ke2 Rh3 50. Rh6 Rh2+ 51. Kd3 Rh1 52. Ke2 Rh2+ 53. Kd3 Bf4 54. Rxh5 Rh1 55. Bf2 Rh2 56. Bd4 Rh3+ 57. Kc4 Rh2 58. c3 Bg3 59. Rh8 Rxh4 60. Rxh4 Bxh4 61. Kb5 Bg3 62. c4 Kd7 63. Kb6 Bf4 64. c5 Ke6 65. Kb7 f5 66. e5 Kd5 67. c6 Kxd4 68. c7 Bxe5 69. c8=Q Bd6 70. Qxf5 Kc4 71. Qe6+ Kd4 72. Kc6 Kd3 73.
Qd5+ Kc3 74. Kb5 Kc2 75. Qf3 Kd2 76. Kc4 Kc2 77. Qe2+ 1-0

[Event "*** SCC Grand Prix: Titled Tuesday Blitz"]
[Site "Chess.com"]
[Date "2020.06.02"]
[Round "5"]
[White "Bulldog167"]
[Black "FairChess_on_YouTube"]
[Result "0-1"]
[WhiteElo "2763"]
[BlackElo "3011"]
[TimeControl "180+1"]
[EndTime "11:00:48 PDT"]
[Termination "FairChess_on_YouTube won by resignation"]

1. d4 d5 2. c4 c6 3. cxd5 cxd5 4. Bf4 Nc6 5. e3 Nf6 6. Nc3 a6 7. Bd3 Bg4 8. Nge2 e6 9. O-O Be7 10. Rc1 O-O 11. Na4 Nd7 12. f3 Bh5 13. Qb3 Ra7 14. Bg3 Bg6 15. Nf4 Bg5 16. Rfe1 Na5 17. Qd1 b5 18. Nxg6 hxg6 19. Nc5 Nc4 20. Bxc4 dxc4 21. Ne4 Be7 22. b3 Nb6 23. Nc5 Qc8 24. Qd2 Rd8 25. Qa5 Qc6 26. Nd3 Nd5 27. bxc4 bxc4 28. Ne5 Qb5 29.
Nxc4 Rc8 30. Qxb5 axb5 31. Ne5 Rxc1 32. Rxc1 Nxe3 33. Rc8+ Kh7 34. Nxf7 g5 35. Rh8+ Kg6 36.
Ne5+ Kf6 37. Bf2 Nd5 38. Ng4+ Kg6 39. Ne5+ Kf6 40. h4 Rxa2 41. hxg5+ Kf5 42. Rh4 Bxg5 43.
Re4 Bf4 44. g4+ Kf6 45. Nd7+ Kf7 46. Nc5 g5 47. Rxe6 b4 48. Rh6 Nc3 49. Rh7+ Kg6 50.
Rb7 Nd1 51. Be1 Be3+ 52. Kf1 Bxd4 53. Ne6 Ne3+ 54. Kg1 Ba7 55. Nf8+ Kf6 56. Bf2 Ra1+ 57. Kh2 Nf1+ 58. Kg2 Bxf2 59. Kxf2 Nd2 60. Rxb4 Ra3 61.
Nd7+ Ke6 62. Nc5+ Kd5 63. Ne4 Nxf3 64. Ng3 Ne5 65. Rb5+ Ke6 66. Rb8 Nxg4+ 67. Kg2 Ne3+ 68. Kf2 Ng4+ 69. Kg2 Ra2+ 70. Kf3 Ne5+ 71. Ke3 Ra3+ 72. Kf2 Ra2+ 73. Ke3 Nc4+ 74. Kd4 Nd6 75. Rg8 Ra4+ 76. Kc5 Rg4 77. Rg6+ Kf7 78. Rxd6 Rxg3 79. Kd5 Re3 80. Ra6 g4 81. Kd4 Re1 82. Ra5 Kf6 83. Ra8 Kf5 84. Rf8+ Kg5 85. Kd3 Kh4 86. Kd2 Re7 87. Rh8+ Kg3 88.
Rg8 Kf3 89. Rg7 0-1